 Dungeon Crawl Stone Soup version 0.31-a0-277-g31ea1f65cc (webtiles) character file.

Game seed: 17786515827581442174

21176784 Shard1697 the Shapeless Draconian (level 27, 300/300 HPs)
             Began as a Grey Draconian Shapeshifter on July 16, 2023.
             Was the Champion of Qazlal.
             Escaped with the Orb
             ... and 15 runes!
             The game lasted 02:35:22 (71731 turns).

Shard1697 the Shapeless Draconian (DrSh)           Turns: 71731, Time: 02:35:22

Health: 300/300    AC: 24    Str: 27    XL:     27
Magic:  49/49      EV: 40    Int: 14    God:    Qazlal [******]
Gold:   9647       SH: 46    Dex: 29    Spells: 26/26 levels left

rFire   + +          .
                       - Unarmed
rCold   + + +        o - +10 tower shield "Ipselyl" {-Cast rPois Regen+ Str+5}
rNeg    + + +        (body armour unavailable)
rPois   ∞            c - +2 hat
rElec   +            U - scarf {+Inv}
rCorr   .            H - +0 pair of fencer's gloves {Riposte Dex+3}
SInv    .            t - +2 pair of boots {Stlth+}
Will    +++..        m - amulet of Sypsaal Ime {rC+ rN+ Regen+}
Stlth   +            w - ring "Mifeos" {*Corrode rPois rF++ rN+ MP+9}
HPRegen 2.30/turn    q - ring "Guwigomo" {rElec rC+ Str+3 Int+3 Dex+4}
MPRegen 0.31/turn

%: no spellcasting, corrode self (3%), repel missiles
@: death-form, studying 3 skills
A: vile attack, torment immunity, no potions, AC +18, amphibious, unfitting
armour, cold-blooded, claws 1, robust 1, wild magic 1
0: Orb of Zot
}: 15/15 runes: decaying, serpentine, slimy, silver, golden, iron, obsidian,
icy, bone, abyssal, demonic, glowing, magical, fiery, dark
a: Siphon Essence, Begin Untransformation, Renounce Religion, Evoke
Invisibility, Upheaval, Elemental Force, Disaster Area


You escaped.
You worshipped Qazlal.
Qazlal was exalted by your worship.
You were an undying horror.
You visited 17 branches of the dungeon, and saw 87 of its levels.
You visited Pandemonium 2 times, and saw 13 of its levels.
You visited the Abyss 4 times.
You visited 1 bazaar.
You also visited: Sewer, Ossuary, Bailey, Gauntlet and Ice Cave.

You collected 13459 gold pieces.
You spent 3812 gold pieces at shops.

Inventory:

Armour
 c - a +2 hat (worn)
 j - the +5 Storm Queen's Shield {shock, Fly rElec}
   (You found it on level 5 of the Vaults)

   Shock:     When it blocks an attack, it may electrocute the attacker.
   This works even against foes who are a short distance away.
   rElec:     It insulates you from electricity.
   Fly:       It grants you flight.
 o - the +10 tower shield "Ipselyl" (worn) {-Cast rPois Regen+ Str+5}
   (You took it off a minotaur in a Gauntlet)

   Str:       It affects your strength (+5).
   rPois:     It protects you from poison.
   -Cast:     It prevents spellcasting.
   Regen:     It increases your rate of health regeneration.
 t - a +2 pair of boots of stealth (worn)
 H - the +0 pair of fencer's gloves (worn) {Riposte Dex+3}
   (You found it on level 14 of the Dungeon)

   Riposte:   It allows the wearer to riposte with melee weapons, swiftly
   retaliating against missed or blocked melee attacks.
   Dex:       It affects your dexterity (+3).
 U - a scarf of invisibility (worn)
Jewellery
 m - the amulet of Sypsaal Ime (around neck) {rC+ rN+ Regen+}
   (You found it in Pandemonium)

   [amulet of regeneration]

   rC:        It protects you from cold.
   rN:        It protects you from negative energy.
   Regen:     It increases your rate of health regeneration.
 q - the ring "Guwigomo" (right hand) {rElec rC+ Str+3 Int+3 Dex+4}
   (You found it on level 5 of the Vaults)

   [ring of protection from cold]

   Str:       It affects your strength (+3).
   Int:       It affects your intelligence (+3).
   Dex:       It affects your dexterity (+4).
   rC:        It protects you from cold.
   rElec:     It insulates you from electricity.
 w - the ring "Mifeos" (left hand) {*Corrode rPois rF++ rN+ MP+9}
   (You found it on level 2 of the Depths)

   [ring of positive energy]

   rF:        It greatly protects you from fire.
   rPois:     It protects you from poison.
   rN:        It protects you from negative energy.
   MP:        It affects your magic capacity (+9).
   *Corrode:  It may corrode you when you take damage.
 x - the ring "Zostre Titu" {rF++ MP+9 Str+3 Dex-3 Stlth-}
   (You found it on level 5 of the Pits of Slime)

   [ring of magical power]

   Str:       It affects your strength (+3).
   Dex:       It affects your dexterity (-3).
   rF:        It greatly protects you from fire.
   MP:        It affects your magic capacity (+9).
   Stlth:     It makes you less stealthy.
 C - the necklace of Bloodlust {Fury *Rage Will++ Int-3 Slay+6}
   (You found it on level 2 of the Depths)

   [amulet of nothing]

   Fury:      It extends the wearer's berserk rage when killing foes.
   Int:       It affects your intelligence (-3).
   Slay:      It affects your accuracy & damage with ranged weapons and melee
   (+6).
   *Rage:     It berserks you when you make melee attacks (+50% chance).
   Will:      It greatly increases your willpower.
 F - an amulet of reflection
 Y - the dreamshard necklace {Acrobat *Dream}
   (You took it off a yaktaur on level 5 of the Vaults)

   [amulet of the acrobat]

   *Dream:    It absorbs a single lethal wound into itself, holding its wearer
   just short of death and releasing dream-creatures to guard them.
   It increases your evasion while moving and waiting.
Talismans
 y - a storm talisman
 z - a maw talisman
 E - a granite talisman
 J - a talisman of death
Wands
 s - a wand of mindburst (10)
 I - a wand of digging (8)
 R - a wand of roots (130)
 S - a wand of paralysis (79)
 V - a wand of acid (47)
Scrolls
 b - 3 scrolls of revelation
 f - 19 scrolls of fear
 h - 21 scrolls of teleportation
 i - 4 scrolls of silence
 A - 3 scrolls of fog
 L - a scroll of acquirement
 M - 4 scrolls of enchant armour
 N - 9 scrolls of blinking
 O - 47 scrolls of identify
Potions
 a - 11 potions of lignification
 d - 13 potions of might
 e - 20 potions of curing
 g - 7 potions of haste
 k - 3 potions of berserk rage
 n - 7 potions of brilliance
 p - 7 potions of resistance
 r - 13 potions of heal wounds
 u - 4 potions of enlightenment
 B - 2 potions of mutation
 D - 2 potions of magic
 K - 10 potions of invisibility
 P - 7 potions of cancellation
 W - 6 potions of ambrosia
Miscellaneous
 l - a phial of floods
 v - a lightning rod (4/4)
 G - a figurine of a ziggurat
 T - a condenser vane


   Skills:
 O Level 27 Fighting
 + Level 25.3 Dodging
 - Level 3.0 Stealth
 + Level 25.3 Shields
 O Level 27 Unarmed Combat
 O Level 27 Invocations
 - Level 9.5 Evocations
 O Level 27 Shapeshifting


You had 26 spell levels left.
You didn't know any spells.
Your spell library contained the following spells:

 Spells                   Type           Power      Damage    Failure   Level
 Apportation              Tloc           0%         N/A       41%         1
 Foxfire                  Conj/Fire      0%         2x1d4     41%         1
 Freeze                   Ice            0%         1d3       41%         1
 Kiss of Death            Conj/Necr      0%         2d5       41%         1
 Magic Dart               Conj           0%         1d3       41%         1
 Necrotise                Necr           0%         1d4       41%         1
 Sandblast                Erth           0%         2d4       41%         1
 Shock                    Conj/Air       0%         1d3       41%         1
 Sting                    Tmut/Pois      0%         1d3       41%         1
 Summon Small Mammal      Summ           0%         N/A       41%         1
 Blink                    Tloc           0%         N/A       52%         2
 Call Imp                 Summ           0%         N/A       52%         2
 Cigotuvi's Dreadful Rot  Necr/Pois/Air  0%         N/A       52%         2
 Ensorcelled Hibernation  Hex/Ice        0%         N/A       52%         2
 Lesser Beckoning         Tloc           0%         N/A       52%         2
 Momentum Strike          Conj/Tloc      0%         3d8       52%         2
 Passwall                 Tmut/Erth      0%         N/A       52%         2
 Poisonous Vapours        Pois/Air       0%         N/A       52%         2
 Static Discharge         Conj/Air       0%         2-2/arc   52%         2
 Sublimation of Blood     Necr           0%         N/A       52%         2
 Wereblood                Tmut           0%         N/A       52%         2
 Call Canine Familiar     Summ           0%         N/A       75%         3
 Dazzling Flash           Conj/Hex       0%         N/A       75%         3
 Frozen Ramparts          Ice            0%         1d1       75%         3
 Hailstorm                Conj/Ice       0%         3d3       75%         3
 Ignite Poison            Fire/Tmut/Pois 0%         N/A       75%         3
 Mephitic Cloud           Conj/Pois/Air  0%         N/A       75%         3
 Ozocubu's Armour         Ice            0%         N/A       75%         3
 Portal Projectile        Hex/Tloc       0%         N/A       75%         3
 Stone Arrow              Conj/Erth      0%         3d7       75%         3
 Summon Guardian Golem    Hex/Summ       0%         N/A       75%         3
 Swiftness                Air            0%         N/A       75%         3
 Teleport Other           Tloc           0%         N/A       75%         3
 Tukima's Dance           Hex            0%         N/A       75%         3
 Vampiric Draining        Necr           0%         2d6       75%         3
 Vhi's Electric Charge    Tloc/Air       0%         N/A       75%         3
 Volatile Blastmotes      Fire/Tloc      0%         2d10      75%         3
 Airstrike                Air            0%         2d(0-16)  98%         4
 Anguish                  Hex/Necr       0%         N/A       98%         4
 Animate Dead             Necr           0%         N/A       98%         4
 Cause Fear               Hex            0%         N/A       98%         4
 Dispel Undead            Necr           0%         3d6       98%         4
 Flame Wave               Conj/Fire      0%         2d4       98%         4
 Fulminant Prism          Conj/Hex       0%         3d5       98%         4
 Iskenderun's Mystic Bla  Conj/Tloc      0%         2d3       98%         4
 Leda's Liquefaction      Hex/Erth       0%         N/A       98%         4
 Passage of Golubria      Tloc           0%         N/A       98%         4
 Petrify                  Tmut/Erth      0%         N/A       98%         4
 Sticky Flame             Conj/Fire      0%         2d3       98%         4
 Summon Ice Beast         Ice/Summ       0%         N/A       98%         4
 Summon Lightning Spire   Summ/Air       0%         N/A       98%         4
 Agony                    Necr           0%         N/A       100%        5
 Alistair's Intoxication  Tmut/Pois      0%         N/A       100%        5
 Arcjolt                  Conj/Air       0%         1d10      100%        5
 Borgnjor's Vile Clutch   Necr/Erth      0%         N/A       100%        5
 Fireball                 Conj/Fire      0%         3d3       100%        5
 Freezing Cloud           Conj/Ice/Air   0%         6-21      100%        5
 Irradiate                Conj/Tmut      0%         3d11      100%        5
 Iskenderun's Battlesphe  Conj           0%         2d6       100%        5
 Lee's Rapid Deconstruct  Erth           0%         3d4*      100%        5
 Metabolic Englaciation   Hex/Ice        0%         N/A       100%        5
 Silence                  Hex/Air        0%         N/A       100%        5
 Summon Forest            Summ/Tloc      0%         N/A       100%        5
 Summon Mana Viper        Hex/Summ       0%         N/A       100%        5
 Yara's Violent Unravell  Hex/Tmut       0%         3d3       100%        5
 Death Channel            Necr           0%         N/A       100%        6
 Leda's Unmaking          Conj/Erth      0%         9d1       100%        6
 Plasma Beam              Fire/Air       0%         2x1d10    100%        6
 Simulacrum               Ice/Necr       0%         N/A       100%        6
 Starburst                Conj/Fire      0%         6d3       100%        6
 Summon Cactus Giant      Summ           0%         N/A       100%        6
 Enfeeble                 Hex            0%         N/A       100%        7
 Haunt                    Necr/Summ      0%         N/A       100%        7
 Malign Gateway           Summ/Tloc      0%         N/A       100%        7
 Monstrous Menagerie      Summ           0%         N/A       100%        7
 Orb of Destruction       Conj           0%         9d5       100%        7
 Ozocubu's Refrigeration  Ice            0%         4d7       100%        7
 Spellforged Servitor     Conj/Summ      0%         N/A       100%        7
 Summon Hydra             Summ           0%         N/A       100%        7
 Borgnjor's Revivificati  Necr           0%         N/A       100%        8
 Disjunction              Tloc           0%         N/A       100%        8
 Ignition                 Fire           0%         3d3       100%        8
 Infestation              Necr           0%         N/A       100%        8
 Lehudib's Crystal Spear  Conj/Erth      0%         10d2      100%        8
 Summon Horrible Things   Summ           0%         N/A       100%        8
 Chain Lightning          Conj/Air       0%         N/A       100%        9
 Death's Door             Necr           0%         N/A       100%        9
 Dragon's Call            Summ           0%         N/A       100%        9
 Polar Vortex             Ice            0%         N/A       100%        9
 Animate Armour           Summ/Erth      Unusable   N/A       N/A         4

Dungeon Overview and Level Annotations

Branches:
Dungeon (15/15)            Temple (0/1) D:5            Lair (5/5) D:9
  Swamp (4/4) Lair:3        Snake (4/4) Lair:3        Slime (5/5) Lair:5
    Orc (2/2) D:9             Elf (3/3) Orc:2        Vaults (5/5) D:13
  Crypt (3/3) Vaults:3       Tomb (3/3) Crypt:3      Depths (4/4) D:15
   Hell (visited)             Dis (7/7) Hell            Geh (7/7) Hell
    Coc (7/7) Hell            Tar (7/7) Hell            Zot (5/5) Depths:4
  Sewer (visited)         Ossuary (visited)          Bailey (visited)
  IceCv (visited)         Gauntlet (visited)

Altars:
Elyvilon
Gozag
Hepliaklqana
Makhleb
Okawaru
Qazlal
Ru
Sif Muna
Uskayaw
Vehumet
Xom
Zin
The Shining One
Jiyva

Shops:
D:11 *   D:14 (*:   Orc:1 ?   Orc:2 :[(*:   Elf:1 =:   Snake:1 *   Depths:2 *
Depths:3 *

Portals:
Hell: Depths:1 Depths:2 Depths:3 Depths:4
Abyss: Depths:3
Pandemonium: Depths:2
Ziggurat: Depths:1
Trove: Elf:1 (lose all piety)

Annotations:
D:3 Sigmund
Elf:1 2 transporters, Yzemonill's ghost, adept HuVM


Innate Abilities, Weirdness & Mutations

You are an undying horror.
Your melee and unarmed attacks drain, slow and weaken victims.
You are immune to unholy pain and torment.
You cannot drink.
You are immune to poison.
Your dull iron-grey scales are very hard. (AC +18)
You are amphibious.
You cannot fit into any form of body armour.
You are cold-blooded and may be slowed by cold attacks.
You have sharp fingernails.
You are robust. (+10% HP)
Your spells are a little harder to cast, but a little more powerful.


Message History

Marhaube is severely wounded.
You block Marhaube's attack.
You riposte.
You hit Marhaube.
Marhaube decays.
You tail-slap Marhaube, but do no damage.
Marhaube is almost dead.
You hit Marhaube but do no damage.
You tail-slap Marhaube, but do no damage.
Marhaube is almost dead.
You hit Marhaube but do no damage.
Your tail-slap misses Marhaube.
Marhaube is almost dead.
You block Marhaube's attack.
You riposte.
You punch Marhaube!
Marhaube decays.
You tail-slap Marhaube.
Marhaube is almost dead.
You pummel Marhaube!!
Marhaube decays.
Your tail-slap misses Marhaube.
Marhaube is almost dead.
You block Marhaube's attack.
You pummel Marhaube!!
You kill Marhaube!
Qazlal accepts your kill.
You feel your strength returning.
No target in view!
No target in view!
There is a stone staircase leading up here.
You climb upwards.
There is a stone staircase leading down here.
There is a stone staircase leading up here.
You climb upwards.
There is a stone staircase leading down here.
You see here a +0 dagger.
A chaos spawn comes into view.
You punch the chaos spawn!
The chaos spawn decays.
The chaos spawn is heavily wounded.
You pummel the chaos spawn like a punching bag!!!
You kill the chaos spawn!
Qazlal accepts your kill.
The chaos spawn degenerates into a cloud of primal chaos!
No target in view!
You see here 6 javelins.
You enter the shallow water.
There is a staircase leading out of the dungeon here.
You have escaped!

.......)..# #..##
###.##.... .######..###
##.## ###...##.... .#
#....####...####.....##....
.#
##.....#..~..#.....#.##....
.#
#8..~....~....~..8#.######
.# ##...~..~~~..~...##.# .#
##.....~~~☼~~~(....#.# .#
#....~~~~...~§~~.....# .#
#..~~~~~.○z○°~~~~~...# .#
#....~~~~..§○~~~.....# ##
##.....~~°~°~~.....#.#
##...~..~~~..~...##.#
#8..~....~....~..8#.#
##.....#..~..#.....#.#
#....####...####.....######
#..### ##.#######)........
#### #...........######


There were no monsters in sight!

Vanquished Creatures
  Cerebov (Pan)
  Asmodeus (Geh:7)
  the Royal Jelly (Slime:5)
  Ereshkigal (Tar:7)
  Gloorx Vloq (Pan)
  the Serpent of Hell (Geh:7)
  Mnoleg (Pan)
  Lom Lobon (Pan)
  Khufu (Tomb:3)
  8 dread liches
  Dispater (Dis:7)
  5 orbs of fire
  4 ancient liches
  5 juggernauts
  Sojobo (Vaults:5)
  31 royal mummies
  Vv (Depths:4)
  The ghost of Gucom the Gnoll Aeon, a veteran GnFi of Cheibriados (Depths:2)
  7 shard shrikes
  5 Killer Klowns
  2 curse toes
  Geryon (Hell)
  4 golden dragons
  4 caustic shrikes
  10 profane servitors
  the Enchantress (Depths:4)
  18 bone dragons
  3 electric golems
  6 doom hounds
  7 pandemonium lords
  15 hellephants
  13 iron giants
  10 Brimstone Fiends
  10 Tzitzimimeh
  2 shard shrike zombies (Abyss:3)
  Jorgrun (D:12)
  A spectral shard shrike (Tar:3)
  22 Ice Fiends
  16 tentacled monstrosities
  Grunn (Crypt:2)
  16 tainted leviathans
  18 Hell Sentinels
  Mlioglotl (Snake:3)
  3 deep elf blademasters (Elf:3)
  10 liches
  28 Orb Guardians
  2 deep elf master archers (Elf:3)
  20 titans
  10 searing wretches
  4 quicksilver dragons
  46 ancient champions
  18 acid blobs
  9 sphinxes
  20 Executioners
  Frances (Swamp:2)
  2 thorn hunters
  3 tentacled starspawn
  3 death cobs
  5 tengu reavers
  16 shadow dragons
  7 draconian monks
  2 revenants
  5 nagarajas (Snake:4)
  10 rockslimes
  9 storm dragons
  3 draconian knights
  31 fire giants
  Donald (Snake:1)
  17 frost giants
  A fenstrider witch (Depths:3)
  4 narguns
  7 quicksilver elementals
  6 demonspawn warmongers (Pan)
  43 balrugs
  2 juggernaut zombies
  13 azure jellies
  20 vault wardens
  Louise (Swamp:2)
  2 caustic shrike zombies
  5 draconian scorchers
  A ghost moth (shapeshifter) (Vaults:5)
  8 deep elf sorcerers
  4 shard shrike simulacra
  2 ghost moths
  4 draconian shifters
  12 cacodemons
  3 curse skulls
  2 angels
  9 deep elf elementalists
  7 demonspawn corrupters (Pan)
  8 ghouls
  8 iron dragons
  6 draconian annihilators
  2 ophanim (Abyss:3)
  15 quicksilver oozes
  20 ironbound preservers
  3 spriggan defenders (Depths:4)
  4 draconian stormcallers
  11 formless jellyfish
  2 orc warlords
  7 reapers
  3 caustic shrike skeletons
  2 juggernaut skeletons (Crypt:3)
  29 very ugly things
  40 war gargoyles
  9 ironbound thunderhulks
  22 elemental wellsprings
  6 demonspawn blood saints (Pan)
  3 eleionomae
  11 putrid mouths
  3 deep elf demonologists (Elf:3)
  7 green draconians
  17 vampire knights
  Nessos (D:12)
  14 lorocyprocas
  16 bennus
  17 stone giants
  6 demonspawn black suns (Pan)
  7 yellow draconians
  5 bunyips
  11 black draconians
  13 white draconians
  12 dire elephants
  9 deep elf annihilators
  11 red draconians
  12 wendigos
  A minotaur (Gauntlet)
  11 purple draconians
  9 spark wasps
  A minotaur (shapeshifter) (Vaults:5)
  18 iron golems
  30 green deaths
  17 blizzard demons
  7 eidola
  13 ettins
  A spectral golden dragon (Tar:5)
  6 deep elf death magi
  6 fire dragons
  A jiangshi (Crypt:2)
  8 great orbs of eyes
  29 mummy priests
  An entropy weaver (Vaults:2)
  A quicksilver dragon zombie (Tomb:2)
  4 deep elf high priests
  2 fenstrider witch zombies
  5 ice dragons
  4 hell beasts
  A quicksilver dragon skeleton (Crypt:3)
  19 yaktaur captains
  4 rakshasas
  16 salamander tyrants
  25 hydras
  12 caustic shrike simulacra
  7 spriggan skeletons
  8 anacondas
  3 ghost crabs
  2 ogre magi (Vaults:5)
  6 stokers
  38 vault guards
  9 ironbound frosthearts
  3 spriggan air magi
  12 juggernaut simulacra
  2 death knights (Crypt:1)
  2 titan zombies (Hell)
  2 two-headed ogres
  5 centaur warriors
  48 dancing weapons
  4 boulder beetles
  A fenstrider witch skeleton (Tomb:2)
  5 alligators
  11 death scarabs
  25 hell hogs
  A deep troll shaman (Vaults:5)
  15 naga warriors
  8 naga sharpshooters
  6 holy swine (Pan)
  9 tengu warriors
  A spectral storm dragon (Tar:1)
  2 spriggan berserkers (Depths:4)
  5 vampire magi
  7 deep troll earth magi
  18 demonic crawlers
  10 shock serpents
  33 soul eaters
  An orc high priest (Orc:2)
  A spectral dire elephant (Tar:1)
  13 deep elf knights
  9 thrashing horrors
  24 spriggans
  Nergalle (Orc:1)
  A storm dragon zombie (Hell)
  89 sun demons
  11 iron trolls
  23 hell knights
  25 sixfirhies
  3 titan skeletons
  4 salamander mystics
  93 skeletal warriors
  A skyshark (Lair:4)
  12 crystal echidnas
  A fire crab (D:9)
  20 shadow wraiths
  5 wretched stars
  A death drake (Depths:2)
  3 flayed ghosts
  2 golden dragon zombies
  A spectral bunyip (Tar:1)
  The ghost of lessens the Basher, a novice AtDe of Okawaru (D:8)
  An elf simulacrum (Crypt:1)
  5 goliath frogs
  A bunyip zombie (Tomb:1)
  4 deep elf archers
  2 anaconda zombies
  41 deep trolls
  A deep troll (shapeshifter) (Elf:3)
  15 swamp dragons
  7 quicksilver dragon simulacra
  10 spriggan druids
  5 glowing orange brains
  A spectral hydra (Tar:3)
  44 large abominations
  12 bog bodies
  8 sea snakes (Snake:4)
  12 shadow demons
  4 naga ritualists
  7 lindwurms
  A tengu zombie (Hell)
  A sphinx zombie (Hell)
  26 deep elf pyromancers
  22 ironbound convokers
  11 wizards
  3 iron dragon zombies (Hell)
  A bunyip skeleton (Tomb:2)
  A shadow dragon zombie (Crypt:1)
  24 necromancers
  7 orc knights
  2 tengu skeletons
  19 phantasmal warriors
  3 orc sorcerers
  2 oklob plants (Depths:2)
  14 deep elf zephyrmancers
  2 manticores
  45 ugly things
  21 mana vipers
  A spectral ettin (Tar:1)
  6 draconians (Abyss:3)
  A sphinx skeleton (Depths:2)
  3 frost giant zombies (Hell)
  6 shining eyes
  2 shining eyes (shapeshifter) (Vaults:5)
  2 cyclopes
  12 moths of wrath
  A fire giant skeleton (Depths:2)
  An iron dragon skeleton (Crypt:3)
  A fire giant zombie (Hell)
  14 vault sentinels
  22 salamanders
  7 will-o-the-wisps
  16 elephants
  A naga zombie (Crypt:1)
  3 worldbinders
  An ice statue (IceCv)
  A dire elephant zombie (Hell)
  7 molten gargoyles (Geh:7)
  2 stone giant skeletons
  22 naga magi
  An apocalypse crab (Abyss:3)
  An elephant (shapeshifter) (Vaults:5)
  27 orange demons
  33 black mambas
  8 guardian serpents
  63 smoke demons
  2 eyes of devastation (Slime:5)
  5 rust devils
  3 titan simulacra
  4 naga skeletons
  2 centaur skeletons (Crypt:3)
  An orc skeleton (Crypt:3)
  A red draconian zombie (Crypt:3)
  10 cane toads
  An elf skeleton (Vaults:3)
  2 gargoyles
  Maggie (D:6)
  2 sea snake zombies (Hell)
  Psyche (D:9)
  26 tormentors
  46 hellions
  8 rime drakes
  5 unseen horrors
  2 dire elephant skeletons
  8 efreet (Pan)
  A black draconian zombie (Crypt:1)
  13 komodo dragons
  12 freezing wraiths
  35 yaktaurs
  An alligator snapping turtle skeleton (Crypt:3)
  2 komodo dragons (shapeshifter)
  A hydra zombie (Hell)
  15 ice devils
  6 red devils
  5 anaconda simulacra
  2 golden dragon simulacra
  A spark wasp simulacrum (Depths:2)
  44 guardian mummies
  A silent spectre (Tar:3)
  3 iron giant simulacra
  2 tengu conjurers (Depths:3)
  3 spectral harpies
  A purple draconian skeleton (Crypt:2)
  2 bloated husks (Swamp:4)
  3 ancient zymes
  A shadow dragon simulacrum (Tomb:3)
  3 meliai
  A queen bee (shapeshifter) (Vaults:3)
  10 tyrant leeches
  A mana viper skeleton (Crypt:3)
  10 polar bears
  5 trolls
  Grinder (D:3)
  2 harpy skeletons
  48 hellwings
  19 hornets
  A raiju (shapeshifter) (D:8)
  An ettin zombie (Hell)
  An alligator zombie (Hell)
  2 stone giant simulacra
  A slime creature (shapeshifter) (Vaults:5)
  3 spriggan zombies
  A dream sheep (shapeshifter) (Vaults:2)
  A guardian serpent zombie (Crypt:1)
  20 raiju
  An ice dragon zombie (Crypt:1)
  3 ettin skeletons
  8 blink frogs
  57 flying skulls
  111 slime creatures
  2 black mamba zombies
  3 iron dragon simulacra
  A centaur simulacrum (Coc:1)
  9 water elementals
  4 air elementals
  7 wraiths
  2 shadows (D:11)
  57 yaks
  A yak (shapeshifter) (Vaults:5)
  26 ynoxinuls
  7 ushabtiu
  2 black mamba skeletons (Crypt:1)
  9 dire elephant simulacra
  3 vampires
  Eustachio (D:6)
  25 starcursed masses
  5 wyverns
  A human (shapeshifter) (D:15)
  2 alligator snapping turtle simulacra (Coc:3)
  5 basilisks
  2 fire elementals (Elf:1)
  35 chaos spawn
  2 fire bats (Pan)
  20 vampire mosquitoes
  5 steam dragons
  9 golden eyes
  32 neqoxecs
  5 death yak simulacra
  2 glowing shapeshifter zombies
  48 nagas
  14 harpy simulacra
  A fire bat zombie (Crypt:2)
  9 wargs
  2 acid dragons
  10 hydra simulacra
  15 swamp worms
  A deep troll zombie (Crypt:2)
  11 water moccasins
  Duvessa (D:6)
  3 floating eyes
  A two-headed ogre skeleton (Crypt:2)
  33 orc warriors
  2 glowing shapeshifter skeletons
  23 hell hounds
  An ice dragon simulacrum (Hell)
  2 sky beasts
  A black bear (shapeshifter) (D:8)
  13 black bears
  12 swamp drakes
  6 ettin simulacra
  17 small abominations
  5 ogres
  A tengu (shapeshifter) (Vaults:5)
  27 wolves
  3 boggarts (D:15)
  A centaur (shapeshifter) (D:13)
  2 phantoms (D:6)
  A snapping turtle skeleton (Crypt:1)
  18 centaurs
  An elephant skeleton (Crypt:3)
  A rime drake skeleton (Crypt:2)
  3 earth elementals
  2 kobold brigands
  A two-headed ogre simulacrum (IceCv)
  A draconian skeleton (Crypt:3)
  6 human skeletons (Vaults:3)
  4 bullfrogs
  A gnoll sergeant (D:13)
  4 necrophages
  A wyvern zombie (Crypt:1)
  6 cane toad simulacra (IceCv)
  5 scorpions
  16 wights
  A warg zombie (Crypt:2)
  Dowan (D:6)
  5 elephant simulacra (IceCv)
  4 killer bees (D:8)
  5 electric eels
  8 vampire bats (Bailey)
  6 wolf zombies (Bailey)
  7 howler monkeys
  5 crimson imps (Pan)
  A quasit (Abyss:3)
  20 orc priests
  5 jellies
  4 human zombies
  4 hounds
  An iron imp (Abyss:3)
  8 iguanas
  29 orc wizards
  3 sleepcaps
  5 polar bear simulacra (IceCv)
  A troll simulacrum (IceCv)
  5 spriggan simulacra
  A killer bee zombie (Crypt:1)
  4 wolf simulacra
  A deep dwarf skeleton (Crypt:3)
  2 hound skeletons
  54 mummies
  Robin (D:3)
  10 gnolls
  8 adders
  3 naga simulacra
  2 shadow imps (D:5)
  A steam dragon skeleton (Crypt:2)
  3 white imps
  5 ufetubi
  3 dart slugs
  112 orcs
  9 endoplasms
  4 giant cockroaches
  12 goblins
  12 hobgoblins
  8 jackals
  4 quokkas
  4 ball pythons
  5 bats
  3 frilled lizards
  A goblin skeleton (Crypt:3)
  3 goblin zombies
  A hobgoblin zombie (Ossuary)
  A jackal zombie (Crypt:3)
  12 kobolds
  25 orc zombies
  5 rats
  A ball lightning (Pan)
  A butterfly (Lair:2)
  2 creeping infernos
  13 fire vortices
  A lurking horror (Abyss:3)
  A starspawn tentacle (Abyss:3)
4309 creatures vanquished.

Vanquished Creatures (collateral kills)
  Antaeus (Coc:7)
  A Brimstone Fiend (Pan)
  2 Ice Fiends (Coc:7)
  An Executioner (Pan)
  A demonspawn warmonger (Pan)
  A hornet (Depths:4)
  3 spriggans (Depths:4)
  An orc (Orc:2)
11 creatures vanquished.

Vanquished Creatures (others)
  A dread lich (Zot:5)
  A doom hound (Tar:3)
  A titan (Coc:3)
  2 eldritch tentacles (Pan)
  A shard shrike simulacrum (Coc:7)
  A draconian stormcaller (Zot:5)
  A draconian annihilator (Abyss:3)
  An elemental wellspring (Coc:6)
  A bunyip (Swamp:4)
  A lorocyproca (Pan)
  A yaktaur captain (Vaults:5)
  2 caustic shrike simulacra (Coc:7)
  3 juggernaut simulacra
  2 hell hogs (Geh:2)
  A deep elf knight (Snake:2)
  A sun demon (Pan)
  A goliath frog (Swamp:2)
  A quicksilver dragon simulacrum (Coc:7)
  A bog body (Swamp:2)
  A deep troll (Vaults:5)
  A lindwurm (Vaults:1)
  2 orc knights (Vaults:1)
  2 deep elf pyromancers
  2 ironbound convokers
  A wizard (Pan)
  A large abomination (Abyss:3)
  A black mamba (Snake:3)
  3 smoke demons (Pan)
  2 titan simulacra
  2 anaconda simulacra
  A tormentor (Geh:2)
  2 yaktaurs (Vaults:5)
  A troll (Vaults:5)
  6 bloated husks
  A tyrant leech (Swamp:2)
  3 hellwings (Pan)
  A stone giant simulacrum (Coc:4)
  A dire elephant simulacrum (Coc:3)
  2 spriggans
  2 fire bats (Pan)
  4 naga simulacra
  2 chaos spawn (Pan)
  2 harpy simulacra
  2 orc warriors (Vaults:5)
  An ettin simulacrum (Coc:4)
  16 ball lightnings (Pan)
  4 creeping infernos
  30 foxfires
  A lurking horror (Abyss:3)
  5 starspawn tentacles (Abyss:3)
129 creatures vanquished.

Grand Total: 4449 creatures vanquished

Notes
Turn   | Place    | Note
-------+----------+-------------------------------------------
     0 | D:1      | Shard1697 the Draconian Shapeshifter began the quest for
                  | the Orb.
     0 | D:1      | Reached XP level 1. HP: 17/17 MP: 1/1
   130 | D:1      | Reached XP level 2. HP: 24/24 MP: 2/2
   724 | D:1      | Reached XP level 3. HP: 29/29 MP: 3/3
  1111 | D:2      | Reached XP level 4. HP: 28/36 MP: 4/4
  1222 | D:2      | Found a hazy altar of Hepliaklqana.
  1529 | D:3      | Noticed Robin
  1560 | D:3      | Killed Robin
  1677 | D:3      | Noticed Sigmund
  1893 | D:3      | Noticed Grinder
  1906 | D:3      | Paralysed by Grinder for 2 turns
  1922 | D:3      | Killed Grinder
  1923 | D:3      | Reached skill level 5 in Fighting
  1923 | D:3      | Reached skill level 5 in Unarmed Combat
  1923 | D:3      | Reached XP level 5. HP: 45/50 MP: 1/5
  1923 | D:3      | Reached XP level 6. HP: 51/57 MP: 1/6
  2181 | D:3      | Gained mutation: Your system is resistant to poisons.
                  | (rPois) [potion of mutation]
  2181 | D:3      | Gained mutation: You have sharp toenails. [potion of
                  | mutation]
  2181 | D:3      | Gained mutation: You have supernaturally acute eyesight.
                  | (SInv) [potion of mutation]
  2211 | D:4      | Found a hide-covered altar of Uskayaw.
  2304 | D:4      | Found a glowing drain.
  2324 | Sewer    | Entered a sewer
  2368 | Sewer    | Noticed a water moccasin
  2379 | Sewer    | Killed a water moccasin
  2469 | D:4      | Your scales start taking on a dull iron-grey colour.
  2469 | D:4      | Reached XP level 7. HP: 59/66 MP: 5/7
  2599 | D:4      | Found a stormy altar of Qazlal.
  2600 | D:4      | Found a shimmering altar of Xom.
  2604 | D:4      | Became a worshipper of Qazlal Stormbringer
  2668 | D:4      | Found a sand-covered staircase.
  2674 | Ossuary  | Entered an ossuary
  3443 | D:5      | Entered Level 5 of the Dungeon
  3583 | D:5      | Found a staircase to the Ecumenical Temple.
  3650 | D:5      | Reached XP level 8. HP: 75/78 MP: 8/8
  3652 | D:5      | Reached * piety under Qazlal
  3662 | D:5      | Reached skill level 1 in Shields
  4260 | D:6      | Noticed Eustachio
  4261 | D:6      | Reached skill level 10 in Fighting
  4286 | D:6      | Killed Eustachio
  4412 | D:6      | Reached ** piety under Qazlal
  4422 | D:6      | Noticed Duvessa
  4426 | D:6      | Reached XP level 9. HP: 80/86 MP: 9/9
  4433 | D:6      | Killed Duvessa
  4440 | D:6      | Noticed Dowan
  4442 | D:6      | Killed Dowan
  4463 | D:6      | Noticed Maggie
  4477 | D:6      | Killed Maggie
  4866 | D:6      | Reached skill level 10 in Unarmed Combat
  5296 | D:7      | Noticed a red ugly thing
  5311 | D:7      | Killed a red ugly thing
  5312 | D:7      | Reached skill level 5 in Shields
  5661 | D:7      | Found a runed translucent door.
  6027 | D:7      | Reached XP level 10. HP: 83/99 MP: 10/10
  6039 | D:7      | Reached *** piety under Qazlal
  6203 | D:8      | Found an iron altar of Okawaru.
  6218 | D:8      | Found a flagged portal.
  6268 | Bailey   | Entered a bailey
  6334 | Bailey   | Noticed a gargoyle
  6338 | Bailey   | Killed a gargoyle
  6571 | Bailey   | Reached **** piety under Qazlal
  6652 | Bailey   | Identified the +7 ice dragon scales of the Earth {rF- rC++
                  | Will+}
  6815 | D:8      | Found a runed translucent gate.
  6815 | D:8      | Found a runed translucent gate.
  6815 | D:8      | Found a runed translucent gate.
  6815 | D:8      | Noticed a purple ugly thing
  6817 | D:8      | Noticed a brown ugly thing
  6818 | D:8      | Noticed a brown ugly thing
  6819 | D:8      | Noticed a purple ugly thing
  7022 | D:8      | Found a shimmering blue altar of Sif Muna.
  7193 | D:8      | Reached skill level 5 in Dodging
  7203 | D:8      | Found an opulent altar of Gozag.
  7492 | D:9      | Noticed Psyche
  7510 | D:9      | Killed Psyche
  7515 | D:9      | Found a glowing silver altar of Zin.
  7659 | D:9      | Noticed a brown ugly thing
  7671 | D:9      | Killed a brown ugly thing
  7921 | D:9      | Found a staircase to the Orcish Mines.
  7957 | D:9      | Noticed a fire crab
  7958 | D:9      | Found a staircase to the Lair.
  7977 | D:9      | Killed a fire crab
  7978 | D:9      | Reached XP level 11. HP: 90/110 MP: 11/11
  8096 | D:9      | Reached ***** piety under Qazlal
  8588 | D:10     | Entered Level 10 of the Dungeon
  8831 | D:10     | Noticed a two-headed ogre
  8846 | D:10     | Killed a two-headed ogre
  9637 | D:11     | Found Yzeosoan's General Store.
 10101 | Lair:1   | Entered Level 1 of the Lair of Beasts
 10434 | Lair:1   | Reached XP level 12. HP: 118/118 MP: 12/12
 10976 | Lair:2   | Got the Spellbook of Unhallowed Liturgies and Movement
 10980 | Lair:2   | Noticed a five-headed hydra
 10991 | Lair:2   | Killed a five-headed hydra
 11823 | Lair:3   | Noticed a boulder beetle
 11831 | Lair:2   | Reached skill level 10 in Dodging
 11882 | Lair:3   | Reached skill level 5 in Shapeshifting
 11919 | Lair:3   | Killed a boulder beetle
 12161 | Lair:3   | Noticed an eight-headed hydra
 12173 | Lair:3   | Killed an eight-headed hydra
 12179 | Lair:3   | Found a staircase to the Snake Pit.
 12181 | Lair:3   | Reached skill level 1 in Invocations
 12382 | Lair:3   | Found a staircase to the Swamp.
 12867 | Lair:4   | Noticed a six-headed hydra
 12873 | Lair:4   | Killed a six-headed hydra
 13192 | Lair:4   | Reached XP level 13. HP: 125/125 MP: 15/15
 13818 | Lair:5   | Entered Level 5 of the Lair of Beasts
 13895 | Lair:5   | Reached skill level 15 in Unarmed Combat
 13944 | Lair:4   | Reached skill level 5 in Invocations
 13984 | Lair:5   | Found a frozen archway.
 13993 | IceCv    | Entered an ice cave
 14010 | IceCv    | Reached ****** piety under Qazlal
 14533 | IceCv    | Found an ancient bone altar of Kikubaaqudgha.
 14912 | IceCv    | Got Sif Muna's Tractate on Frostbite and Unholy Secrets
 15011 | Lair:5   | Reached XP level 14. HP: 118/133 MP: 19/19
 15361 | Lair:5   | Found a viscous altar of Jiyva.
 15361 | Lair:5   | Found a staircase to the Slime Pits.
 15734 | Lair:5   | Got the Quarto of Star-crossed Snow
 16479 | Snake:1  | Entered Level 1 of the Snake Pit
 16996 | Snake:1  | Noticed Donald
 17004 | Snake:1  | Killed Donald
 17312 | Snake:1  | Found Pebaojeh's Gadget Gallery.
 17321 | Snake:1  | Bought a wand of paralysis (4) for 96 gold pieces
 17799 | Snake:1  | Reached skill level 10 in Invocations
 17847 | Snake:1  | Reached XP level 15. HP: 114/139 MP: 17/22
 18199 | D:12     | Noticed Nessos
 18211 | D:12     | Killed Nessos
 18750 | D:12     | Noticed Jorgrun
 18761 | D:12     | Killed Jorgrun
 20140 | D:13     | Found a radiant altar of Vehumet.
 20455 | D:13     | Found a gate to the Vaults.
 20864 | D:14     | Found Lunelan's Book Shoppe.
 20989 | D:14     | Reached skill level 10 in Shapeshifting
 21320 | D:14     | Found Baityami's Weapon Emporium.
 21519 | D:14     | Found Xaped's Assorted Antiques.
 21523 | D:14     | Bought a potion of invisibility for 280 gold pieces
 21676 | D:14     | Found the +0 pair of fencer's gloves {Riposte Dex+3}
 21800 | D:15     | Entered Level 15 of the Dungeon
 22469 | D:15     | Reached skill level 1 in Stealth
 22622 | D:15     | Found a staircase to the Depths.
 23061 | D:15     | Reached skill level 15 in Fighting
 23077 | D:15     | Identified the scarf of Pan-Flutes {harm, MP-9 Str+6}
 23142 | D:15     | Identified the +0 mace of Dishonour {distort, SInv}
 23194 | D:15     | Reached XP level 16. HP: 149/149 MP: 23/23
 23353 | D:15     | Found a sacrificial altar of Ru.
 23673 | Orc:1    | Entered Level 1 of the Orcish Mines
 23674 | Orc:1    | Noticed Nergalle
 23694 | Orc:1    | Killed Nergalle
 24011 | Orc:1    | Found Joty's Magic Scroll Shoppe.
 24014 | Orc:1    | Bought a scroll of blinking for 75 gold pieces
 24014 | Orc:1    | Bought a scroll of blinking for 75 gold pieces
 24038 | Orc:2    | Entered Level 2 of the Orcish Mines
 24119 | Orc:2    | Found Copn's Book Emporium.
 24220 | Orc:2    | Found a staircase to the Elven Halls.
 24323 | Orc:2    | Found a gate leading to a gauntlet.
 24332 | Gauntlet | Entered a Gauntlet
 24332 | Gauntlet | Found a transporter.
 24332 | Gauntlet | Found a transporter.
 24332 | Gauntlet | Found a transporter.
 24365 | Gauntlet | Found a transporter.
 24367 | Gauntlet | Found a transporter.
 24372 | Gauntlet | Found a runed translucent door.
 24374 | Gauntlet | Found a transporter.
 24376 | Gauntlet | Found a transporter.
 24382 | Gauntlet | Found a runed translucent gate.
 24382 | Gauntlet | Found a runed translucent gate.
 24382 | Gauntlet | Found a runed translucent gate.
 24384 | Gauntlet | Found a transporter.
 24404 | Gauntlet | Found a transporter.
 24412 | Gauntlet | Found a transporter.
 24412 | Gauntlet | Found a transporter.
 24422 | Gauntlet | Found a transporter.
 24603 | Gauntlet | Identified the +5 hand axe of Nightmares {speed, rCorr}
 24621 | Gauntlet | Identified the +10 tower shield "Ipselyl" {-Cast rPois
                  | Regen+ Str+5}
 24751 | Gauntlet | Identified the ring "Efybratam" {Fly rPois Dex+2}
 25033 | Orc:2    | Found Ecaxeann's General Store.
 25079 | Orc:2    | Bought a potion of haste for 150 gold pieces
 25079 | Orc:2    | Bought a scroll of enchant armour for 112 gold pieces
 25079 | Orc:2    | Bought a scroll of teleportation for 45 gold pieces
 25105 | Orc:2    | Found Zitzigh's Antique Armour Shoppe.
 25364 | Orc:2    | Found Bus Wino's Antique Weapon Shoppe.
 25395 | Orc:2    | Found Feuhep's Book Shoppe.
 26888 | Snake:3  | Reached skill level 10 in Shields
 27299 | Snake:3  | Noticed Mlioglotl
 27325 | Snake:3  | Killed Mlioglotl
 27972 | Snake:4  | Entered Level 4 of the Snake Pit
 27992 | Snake:4  | Reached XP level 17. HP: 128/156 MP: 16/24
 28516 | Snake:4  | Got a serpentine rune of Zot
 29111 | Snake:4  | Identified the +1 scale mail "Qogguc" {Rampage MP+9 Slay-5
                  | Stlth+}
 29382 | Swamp:1  | Entered Level 1 of the Swamp
 30288 | Swamp:2  | Reached XP level 18. HP: 99/168 MP: 25/25
 30478 | Swamp:2  | Noticed Louise
 30483 | Swamp:2  | Noticed a tentacled monstrosity
 30492 | Swamp:2  | Killed a tentacled monstrosity
 30498 | Swamp:2  | Killed Louise
 30803 | Swamp:2  | Noticed Frances
 30809 | Swamp:2  | Killed Frances
 30810 | Swamp:2  | Reached skill level 1 in Evocations
 31147 | Swamp:3  | Reached skill level 5 in Evocations
 31508 | Swamp:4  | Entered Level 4 of the Swamp
 31679 | Swamp:4  | Noticed a tentacled monstrosity
 31686 | Swamp:4  | Killed a tentacled monstrosity
 31924 | Swamp:4  | Got a decaying rune of Zot
 32530 | Elf:1    | Entered Level 1 of the Elven Halls
 32615 | Elf:1    | Found Cidypt's Jewellery Boutique.
 32638 | Elf:1    | Bought the ring "Fidaps" {rF+ MP+9 Str+2 Stlth+} for 697
                  | gold pieces
 32680 | Elf:1    | Paralysed by an air elemental for 1 turns
 32805 | Elf:1    | Reached XP level 19. HP: 177/177 MP: 27/27
 32839 | Elf:1    | Found a portal to a secret trove of treasure.
 32874 | Elf:1    | Found a transporter.
 32874 | Elf:1    | Paralysed by an air elemental for 1 turns
 32890 | Elf:1    | Noticed Yzemonill's ghost (adept HuVM)
 32891 | Elf:1    | Found Jiatock's Book Emporium.
 32922 | Elf:1    | Got the Omnibus of Attendants
 32980 | Elf:1    | Found a transporter.
 33725 | Elf:2    | Found a runed translucent gate.
 33731 | Elf:2    | Found a runed translucent gate.
 33732 | Elf:2    | Found a runed translucent gate.
 34013 | Elf:2    | Reached skill level 15 in Shields
 34372 | Elf:3    | Entered Level 3 of the Elven Halls
 34556 | Elf:3    | Noticed a Brimstone Fiend
 34649 | Abyss:3  | Found a corrupted altar of Lugonu.
 34649 | Abyss:3  | Cast into level 3 of the Abyss (a deep elf sorcerer)
 34661 | Abyss:3  | Found a corrupted altar of Lugonu.
 34811 | Abyss:3  | Gained mutation: You are frail. (-10% HP) [a neqoxec]
 35008 | Abyss:3  | Reached XP level 20. HP: 168/168 MP: 29/29
 35084 | Abyss:3  | Noticed a bone dragon
 35095 | Abyss:3  | Killed a bone dragon
 35113 | Abyss:3  | Found a transporter.
 35205 | Abyss:3  | Found a transporter.
 35211 | Abyss:3  | Got an abyssal rune of Zot
 35267 | Abyss:3  | Lost mutation: You are frail. (-10% HP) [a neqoxec]
 35278 | Abyss:3  | Gained mutation: You sometimes lose your temper in combat.
                  | [a neqoxec]
 35286 | Abyss:3  | Found a transporter.
 35297 | Elf:3    | Escaped the Abyss
 35755 | Elf:3    | Identified the ring of Betuitru {*Corrode Int+3 Dex+2 SInv}
 35777 | Elf:3    | Identified the +6 war axe of Guile {holy, Stlth+}
 35785 | Elf:3    | Got the Discursus on the Ill-starred Swarm
 35788 | Elf:3    | Identified the +1 dagger of Disaster {venom, +Blink rF+}
 35800 | Elf:3    | Identified the staff of Ravage {Str+4 Earth}
 35834 | Elf:3    | Got the Codex of Glacial Topology
 36308 | Vaults:1 | Entered Level 1 of the Vaults
 37100 | Vaults:1 | Noticed an ancient lich
 37109 | Vaults:1 | Killed an ancient lich
 37147 | Vaults:1 | Identified the staff "Jutinuj" {rC+ Will++ Ice}
 37150 | Vaults:1 | Identified the +9 quarterstaff "Giady" {freeze, Will-
                  | Int+6}
 37162 | Vaults:1 | Paralysed by a great orb of eyes for 4 turns
 37659 | Vaults:2 | Reached XP level 21. HP: 195/195 MP: 30/30
 38575 | Vaults:3 | Reached skill level 15 in Shapeshifting
 39093 | Vaults:3 | Found a staircase to the Crypt.
 40187 | Vaults:5 | Entered Level 5 of the Vaults
 40188 | Vaults:5 | Noticed a golden dragon
 40196 | Vaults:5 | Noticed Sojobo
 40207 | Vaults:5 | Reached XP level 22. HP: 204/204 MP: 31/31
 40210 | Vaults:4 | Killed a golden dragon
 40308 | Vaults:5 | Paralysed by an air elemental for 1 turns
 40360 | Vaults:5 | Paralysed by an air elemental for 1 turns
 40377 | Vaults:5 | Paralysed by an air elemental for 1 turns
 40382 | Vaults:5 | Killed Sojobo
 40570 | Vaults:5 | Got a silver rune of Zot
 40696 | Vaults:5 | Found the +5 Storm Queen's Shield {shock, Fly rElec}
 40736 | Vaults:5 | Identified the +10 sling of Pain and Death {heavy, Int+4
                  | Dex+4 Stlth-}
 40737 | Vaults:5 | Identified the ring "Guwigomo" {rElec rC+ Str+3 Int+3
                  | Dex+4}
 40897 | Vaults:5 | Reached XP level 23. HP: 215/215 MP: 32/32
 40910 | Vaults:5 | Got Pevofruss's Collected Works on Austromancy
 40996 | Vaults:5 | Identified the +4 scale mail of Pandemonium {Str+5}
 41228 | Vaults:5 | Got the Precepts of the Molten Deep Freeze
 41516 | Crypt:1  | Entered Level 1 of the Crypt
 41725 | Crypt:1  | Lost mutation: You have supernaturally acute eyesight.
                  | (SInv) [potion of mutation]
 41725 | Crypt:1  | Lost mutation: Your system is resistant to poisons. (rPois)
                  | [potion of mutation]
 41725 | Crypt:1  | Lost mutation: You sometimes lose your temper in combat.
                  | [potion of mutation]
 41725 | Crypt:1  | Gained mutation: You have supernaturally acute eyesight.
                  | (SInv) [potion of mutation]
 41725 | Crypt:1  | Gained mutation: You occasionally shout uncontrollably at
                  | your foes. [potion of mutation]
 42369 | Crypt:2  | Identified the +7 sling of the Pill Bug {speed, Will+}
 42572 | Crypt:2  | Identified the +0 pair of boots of Uschae {rC- rN+ Int+3}
 42944 | Crypt:2  | Noticed Grunn
 42958 | Crypt:2  | Killed Grunn
 43055 | Crypt:2  | Found a glowing golden altar of the Shining One.
 43068 | Crypt:2  | Found a burning altar of Makhleb.
 43220 | Crypt:3  | Entered Level 3 of the Crypt
 43507 | Crypt:3  | Noticed a dread lich
 43517 | Crypt:3  | Paralysed by a dread lich for 5 turns
 43527 | Crypt:3  | Paralysed by a dread lich for 2 turns
 43532 | Crypt:3  | Killed a dread lich
 43615 | Crypt:3  | Found a shimmering altar of Xom.
 43664 | Crypt:3  | Identified the staff of Salt {rElec rPois rF++ rCorr Str-2
                  | Poison}
 43827 | Crypt:3  | Reached XP level 24. HP: 224/224 MP: 32/32
 44027 | Crypt:3  | Found a staircase to the Tomb.
 44754 | Depths:1 | Entered Level 1 of the Depths
 44855 | Depths:1 | Found a gateway to Hell.
 45037 | Depths:1 | Identified the +3 ring mail of Faz Jer {rElec Int+2}
 45124 | Depths:1 | Found a one-way gateway to a ziggurat.
 45229 | Depths:1 | Found a white marble altar of Elyvilon.
 45229 | Depths:1 | Found a glowing golden altar of the Shining One.
 45230 | Depths:1 | Found a glowing silver altar of Zin.
 45329 | Depths:2 | Paralysed by a floating eye for 3 turns
 45628 | Depths:2 | Found a white marble altar of Elyvilon.
 45630 | Depths:2 | Found Penlutt's Hallowed Reliquary.
 45661 | Depths:2 | Bought a potion of curing for 51 gold pieces
 45661 | Depths:2 | Bought a potion of curing for 51 gold pieces
 45756 | Depths:2 | Paralysed by a floating eye for 4 turns
 45805 | Depths:2 | Found a transporter.
 45806 | Depths:2 | Noticed Gucom's ghost (veteran GnFi)
 45807 | Depths:2 | Identified the +6 great mace "Qapah" {heavy, +Blink rElec
                  | rCorr Dex+4}
 45808 | Depths:2 | Found a transporter.
 45811 | Depths:2 | Identified the +4 great mace of Severance {flame, rN++
                  | Will+ Stlth-}
 45848 | Depths:2 | Killed Gucom's ghost
 46046 | Depths:2 | Found a one-way gate leading to the halls of Pandemonium.
 46430 | Depths:2 | Found the necklace of Bloodlust {Fury *Rage Will++ Int-3
                  | Slay+6}
 46446 | Depths:2 | Identified the +10 swamp dragon scales "Ifiken" {rPois
                  | Int+4}
 46455 | Depths:2 | Identified the +9 short sword "Remmyw" {drain, rPois Str+9
                  | Int-3 Stlth+}
 46479 | Depths:2 | Identified the ring "Mifeos" {*Corrode rPois rF++ rN+ MP+9}
 46732 | Depths:3 | Found Hunem's General Store.
 46741 | Depths:3 | Bought a potion of haste for 150 gold pieces
 46741 | Depths:3 | Bought a scroll of blinking for 112 gold pieces
 46916 | Depths:3 | Noticed a dread lich
 46918 | Depths:3 | Killed a dread lich
 47044 | Depths:3 | Found a one-way gate to the infinite horrors of the Abyss.
 47170 | Depths:3 | Reached XP level 25. HP: 231/231 MP: 32/32
 47586 | Depths:4 | Entered Level 4 of the Depths
 47586 | Depths:4 | Noticed the Enchantress
 47605 | Abyss:3  | Cast into level 3 of the Abyss (spriggan berserker)
 47614 | Depths:4 | Escaped the Abyss
 47635 | Depths:4 | Killed the Enchantress
 47646 | Depths:4 | Noticed Vv
 47669 | Depths:4 | Killed Vv
 47818 | Depths:4 | Found a flickering gateway to a bazaar.
 47839 | Bazaar   | Entered a bazaar
 47853 | Bazaar   | Found Kaose's Weapon Emporium.
 47853 | Bazaar   | Found Botwacok's Distillery.
 47858 | Bazaar   | Bought 2 potions of might for 120 gold pieces
 47858 | Bazaar   | Bought a potion of curing for 45 gold pieces
 47858 | Bazaar   | Bought a potion of might for 60 gold pieces
 47858 | Bazaar   | Bought a potion of curing for 45 gold pieces
 47858 | Bazaar   | Bought a potion of might for 60 gold pieces
 47858 | Bazaar   | Bought a potion of cancellation for 120 gold pieces
 47888 | Bazaar   | Found Werofomu's Assorted Antiques.
 47888 | Bazaar   | Found Dorgha Udain's Jewellery Shoppe.
 47910 | Bazaar   | Found Fayl's Jewellery Shoppe.
 47915 | Bazaar   | Bought a talisman of death for 1364 gold pieces
 48286 | Depths:4 | Found a gate to the Realm of Zot.
 48800 | Pan      | Entered Pandemonium
 48943 | Pan      | Found a huge runed translucent gate.
 48945 | Pan      | Found a huge runed translucent gate.
 48946 | Pan      | Found a huge runed translucent gate.
 48947 | Pan      | Found a huge runed translucent gate.
 48947 | Pan      | Found a huge runed translucent gate.
 49172 | Pan      | Entered the realm of Gloorx Vloq.
 49480 | Pan      | Noticed Gloorx Vloq
 49493 | Pan      | Killed Gloorx Vloq
 49579 | Pan      | Got a dark rune of Zot
 49734 | Pan      | Noticed Oroxon the pandemonium lord
 49755 | Pan      | Killed Oroxon the pandemonium lord
 49768 | Pan      | Noticed Ignacio
 49795 | Depths:2 | Escaped Pandemonium
 49913 | Pan      | Entered Pandemonium
 50054 | Pan      | Reached XP level 26. HP: 102/239 MP: 32/32
 50382 | Pan      | Noticed Feguimicolua the pandemonium lord
 50407 | Pan      | Killed Feguimicolua the pandemonium lord
 50496 | Pan      | Gained mutation: You have hidden genetic defects. [a
                  | neqoxec]
 50726 | Pan      | Lost mutation: You have sharp toenails. [a neqoxec]
 50728 | Pan      | Gained mutation: Potions are less effective at restoring
                  | your health. [a neqoxec]
 50800 | Pan      | Entered the realm of Lom Lobon.
 51702 | Pan      | Noticed Lom Lobon
 51808 | Pan      | Gained mutation: You are occasionally teleported next to
                  | monsters. [hidden defects]
 51809 | Pan      | Lost mutation: You are occasionally teleported next to
                  | monsters. [potion of mutation]
 51809 | Pan      | Lost mutation: You have hidden genetic defects. [potion of
                  | mutation]
 51809 | Pan      | Lost mutation: Potions are less effective at restoring your
                  | health. [potion of mutation]
 51809 | Pan      | Gained mutation: You are clumsy. (Dex -2) [potion of
                  | mutation]
 51809 | Pan      | Lost mutation: You have supernaturally acute eyesight.
                  | (SInv) [potion of mutation]
 51809 | Pan      | Gained mutation: Your spells are a little harder to cast,
                  | but a little more powerful. [potion of mutation]
 51809 | Pan      | Gained mutation: Your tail ends in a venomous barb. [potion
                  | of mutation]
 51977 | Pan      | Killed Lom Lobon
 52079 | Pan      | Got a magical rune of Zot
 52327 | Pan      | Entered the realm of Cerebov.
 52486 | Pan      | Found an exit through the horrors of the Abyss.
 52768 | Pan      | Identified the +1 robe of Twilight {Str+3 Dex+3}
 52781 | Pan      | Identified the amulet "Gimar" {Harm *Corrode Fly Will++
                  | Regen+}
 53281 | Pan      | Found the +6 sword of Cerebov {flame}
 53281 | Pan      | Noticed Cerebov
 53301 | Pan      | Killed Cerebov
 53468 | Pan      | Got a fiery rune of Zot
 53616 | Pan      | Gained mutation: You are weak. (Str -2) [a neqoxec]
 53658 | Pan      | Reached XP level 27. HP: 246/246 MP: 32/32
 53683 | Pan      | Reached skill level 27 in Shapeshifting
 53930 | Pan      | Lost mutation: Your spells are a little harder to cast, but
                  | a little more powerful. [a neqoxec]
 54159 | Pan      | Noticed Usasya the pandemonium lord
 54172 | Pan      | Killed Usasya the pandemonium lord
 54283 | Pan      | Entered the realm of Mnoleg.
 54283 | Pan      | Noticed Mnoleg
 54292 | Pan      | Gained mutation: You do not regenerate when monsters are
                  | visible. [a cacodemon]
 54294 | Pan      | Gained mutation: You occasionally lose the ability to drink
                  | potions when taking damage. [a cacodemon]
 54311 | Pan      | Gained mutation: Your magical capacity is low. (-10% MP) [a
                  | cacodemon]
 54364 | Pan      | Gained mutation: You are dopey. (Int -2) [a neqoxec]
 54468 | Pan      | Gained mutation: Your spells are a little easier to cast,
                  | but a little less powerful. [a cacodemon]
 54472 | Pan      | Gained mutation: You are frail. (-10% HP) [a neqoxec]
 54477 | Pan      | Gained mutation: You occasionally lose the ability to read
                  | scrolls when taking damage. [a neqoxec]
 54478 | Pan      | Gained mutation: You are vulnerable to cold. (rC-) [a
                  | neqoxec]
 54484 | Pan      | Gained mutation: You are very weak. (Str -4) [a neqoxec]
 54488 | Pan      | Gained mutation: You sometimes lose the ability to drink
                  | potions when taking damage. [a neqoxec]
 54639 | Pan      | Gained mutation: You are very clumsy. (Dex -4) [a neqoxec]
 54871 | Pan      | Lost mutation: You are frail. (-10% HP) [a neqoxec]
 54879 | Pan      | Lost mutation: Your tail ends in a venomous barb. [Mnoleg's
                  | mutagenic touch]
 54885 | Pan      | Paralysed by a floating eye for 3 turns
 54889 | Pan      | Gained mutation: You sometimes lose your temper in combat.
                  | [Mnoleg's mutagenic touch]
 54893 | Pan      | Killed Mnoleg
 55029 | Pan      | Gained mutation: You frequently scream uncontrollably at
                  | your foes. [a cacodemon]
 55064 | Pan      | Got a glowing rune of Zot
 55143 | Pan      | Lost mutation: Your magical capacity is low. (-10% MP)
                  | [potion of mutation]
 55143 | Pan      | Lost mutation: You are very weak. (Str -4) [potion of
                  | mutation]
 55143 | Pan      | Lost mutation: You are very clumsy. (Dex -4) [potion of
                  | mutation]
 55143 | Pan      | Lost mutation: You are clumsy. (Dex -2) [potion of
                  | mutation]
 55143 | Pan      | Lost mutation: You are vulnerable to cold. (rC-) [potion of
                  | mutation]
 55598 | Pan      | Reached skill level 15 in Dodging
 55826 | Pan      | Noticed Qous the pandemonium lord
 55838 | Pan      | Killed Qous the pandemonium lord
 55986 | Pan      | Identified the amulet of Sypsaal Ime {rC+ rN+ Regen+}
 56150 | Pan      | Noticed Ojol the pandemonium lord
 56724 | Pan      | Killed Ojol the pandemonium lord
 56730 | Pan      | Got a demonic rune of Zot
 57010 | Pan      | Noticed Moxel the pandemonium lord
 57013 | Abyss:5  | Cast into level 5 of the Abyss (Moxel)
 57066 | Abyss:5  | Found a corrupted altar of Lugonu.
 57099 | Pan      | Escaped the Abyss
 57115 | Pan      | Killed Moxel the pandemonium lord
 57116 | Pan      | Reached skill level 15 in Invocations
 57574 | Pan      | Found an exit through the horrors of the Abyss.
 57587 | Pan      | Took an exit into the Abyss.
 57587 | Abyss:5  | Escaped into the Abyss
 57715 | Abyss:5  | Noticed a dread lich
 57729 | Abyss:5  | Killed a dread lich
 57774 | Depths:2 | Escaped the Abyss
 57926 | D:11     | Bought a potion of mutation for 104 gold pieces
 57926 | D:11     | Lost mutation: You sometimes lose the ability to drink
                  | potions when taking damage. [potion of mutation]
 57926 | D:11     | Lost mutation: You occasionally lose the ability to read
                  | scrolls when taking damage. [potion of mutation]
 57926 | D:11     | Lost mutation: You do not regenerate when monsters are
                  | visible. [potion of mutation]
 57926 | D:11     | Gained mutation: You have an uncontrollable temper. [potion
                  | of mutation]
 58122 | D:8      | Found a runed translucent gate.
 58122 | D:8      | Found a runed translucent gate.
 58123 | D:8      | Noticed lessens's ghost (novice AtDe)
 58126 | D:8      | Found a runed translucent gate.
 58132 | D:8      | Killed lessens's ghost
 58398 | Hell     | Entered the Vestibule of Hell
 58398 | Hell     | Noticed Geryon
 58411 | Hell     | Killed Geryon
 58496 | Depths:1 | Lost mutation: Your spells are a little easier to cast, but
                  | a little less powerful. [potion of mutation]
 58496 | Depths:1 | Lost mutation: You frequently scream uncontrollably at your
                  | foes. [potion of mutation]
 58496 | Depths:1 | Lost mutation: You are weak. (Str -2) [potion of mutation]
 58497 | Depths:1 | Lost mutation: You occasionally shout uncontrollably at
                  | your foes. [potion of mutation]
 58497 | Depths:1 | Lost mutation: You occasionally lose the ability to drink
                  | potions when taking damage. [potion of mutation]
 58497 | Depths:1 | Gained mutation: You occasionally shout uncontrollably at
                  | your foes. [potion of mutation]
 58497 | Depths:1 | Lost mutation: You are dopey. (Int -2) [potion of mutation]
 58497 | Depths:1 | Gained mutation: Your spells are a little harder to cast,
                  | but a little more powerful. [potion of mutation]
 58498 | Depths:1 | Lost mutation: You have an uncontrollable temper. [potion
                  | of mutation]
 58498 | Depths:1 | Lost mutation: You occasionally shout uncontrollably at
                  | your foes. [potion of mutation]
 58498 | Depths:1 | Lost mutation: You sometimes lose your temper in combat.
                  | [potion of mutation]
 58498 | Depths:1 | Gained mutation: You are robust. (+10% HP) [potion of
                  | mutation]
 58498 | Depths:1 | Gained mutation: You have sharp fingernails. [potion of
                  | mutation]
 58663 | Hell     | Found a gateway to the Iron City of Dis.
 58738 | Hell     | Found a gateway to the freezing wastes of Cocytus.
 58778 | Coc:1    | Entered Level 1 of Cocytus
 58952 | Coc:4    | Paralysed by a wendigo for 1 turns
 58992 | Coc:4    | Paralysed by a wendigo for 1 turns
 59747 | Coc:7    | Entered Level 7 of Cocytus
 60001 | Coc:7    | Noticed Antaeus
 60022 | Coc:7    | Killed Antaeus
 60038 | Coc:7    | Got an icy rune of Zot
 60195 | Dis:1    | Entered Level 1 of the Iron City of Dis
 60834 | Dis:4    | Noticed a dread lich
 60843 | Dis:4    | Killed a dread lich
 61204 | Dis:7    | Entered Level 7 of the Iron City of Dis
 61466 | Dis:7    | Noticed a dread lich
 61482 | Dis:7    | Killed a dread lich
 62197 | Dis:7    | Identified the +7 quarterstaff of Oenomania {heavy, *Slow
                  | rElec Will+ SInv}
 62262 | Dis:7    | Noticed a juggernaut
 62289 | Dis:7    | Killed a juggernaut
 62397 | Dis:7    | Noticed a juggernaut
 62404 | Dis:7    | Killed a juggernaut
 62405 | Dis:7    | Reached skill level 27 in Unarmed Combat
 62445 | Dis:7    | Noticed a juggernaut
 62449 | Dis:7    | Killed a juggernaut
 62520 | Dis:7    | Noticed Dispater
 62546 | Dis:7    | Killed Dispater
 62573 | Dis:7    | Got an iron rune of Zot
 62745 | Hell     | Found a gateway to the ashen valley of Gehenna.
 62755 | Geh:1    | Entered Level 1 of Gehenna
 62755 | Geh:1    | You fall into a shaft and drop 1 floor!
 63588 | Geh:7    | Entered Level 7 of Gehenna
 63824 | Geh:7    | Got The Basics of the Histories of Mysteries
 63857 | Geh:7    | Noticed the Serpent of Hell
 63878 | Geh:7    | Killed the Serpent of Hell
 64075 | Geh:7    | Found the +13 sceptre of Asmodeus
 64075 | Geh:7    | Noticed Asmodeus
 64101 | Geh:7    | Killed Asmodeus
 64109 | Geh:7    | Got an obsidian rune of Zot
 64264 | Hell     | Found a gateway to the decaying netherworld of Tartarus.
 64273 | Tar:1    | Entered Level 1 of Tartarus
 64745 | Tar:4    | Noticed a juggernaut
 64753 | Tar:4    | Killed a juggernaut
 64783 | Tar:4    | Noticed a juggernaut
 64799 | Tar:4    | Killed a juggernaut
 64887 | Tar:5    | Noticed a dread lich
 64902 | Tar:5    | Killed a dread lich
 65065 | Tar:7    | Entered Level 7 of Tartarus
 65281 | Tar:7    | Noticed Ereshkigal
 65329 | Tar:7    | Killed Ereshkigal
 65351 | Tar:7    | Got a bone rune of Zot
 65727 | Slime:1  | Entered Level 1 of the Pits of Slime
 65789 | Slime:3  | You fall into a shaft and drop 1 floor!
 66331 | Slime:5  | Entered Level 5 of the Pits of Slime
 66346 | Slime:5  | Noticed the Royal Jelly
 66450 | Slime:5  | Killed the Royal Jelly
 66502 | Slime:5  | Found the +8 demon trident "Rift" {distort, reach+}
 66513 | Slime:5  | Identified the ring "Zostre Titu" {rF++ MP+9 Str+3 Dex-3
                  | Stlth-}
 66526 | Slime:5  | Got a slimy rune of Zot
 66547 | Slime:5  | Got the Spellbook of the Transformed Gang
 66553 | Slime:5  | Identified a scroll of acquirement
 66553 | Slime:5  | Acquired a manual of Dodging
 67014 | Tomb:1   | Entered Level 1 of the Tomb of the Ancients
 67280 | Tomb:1   | Noticed a royal mummy
 67305 | Tomb:1   | Killed a royal mummy
 67613 | Tomb:1   | Noticed a royal mummy
 67625 | Tomb:1   | Killed a royal mummy
 67715 | Tomb:2   | Noticed a royal mummy
 67715 | Tomb:2   | Noticed a royal mummy
 67717 | Tomb:2   | Noticed a royal mummy
 67721 | Tomb:2   | Noticed a royal mummy
 67731 | Tomb:2   | Killed a royal mummy
 67740 | Tomb:2   | Killed a royal mummy
 67740 | Tomb:2   | Killed a royal mummy
 67741 | Tomb:2   | Killed a royal mummy
 67918 | Tomb:1   | Noticed a royal mummy
 67922 | Tomb:1   | Noticed a royal mummy
 67925 | Tomb:1   | Killed a royal mummy
 67934 | Tomb:1   | Killed a royal mummy
 67936 | Tomb:1   | Noticed a royal mummy
 67937 | Tomb:1   | Noticed a royal mummy
 67945 | Tomb:1   | Killed a royal mummy
 67947 | Tomb:1   | Noticed a royal mummy
 67950 | Tomb:1   | Noticed a royal mummy
 67959 | Tomb:1   | Killed a royal mummy
 67981 | Tomb:1   | Killed a royal mummy
 67988 | Tomb:1   | Killed a royal mummy
 68032 | Tomb:1   | Noticed a royal mummy
 68039 | Tomb:1   | Killed a royal mummy
 68042 | Tomb:1   | Noticed a royal mummy
 68049 | Tomb:1   | Noticed a royal mummy
 68058 | Tomb:1   | Killed a royal mummy
 68061 | Tomb:1   | Noticed a royal mummy
 68066 | Tomb:1   | Noticed a royal mummy
 68069 | Tomb:1   | Killed a royal mummy
 68079 | Tomb:1   | Killed a royal mummy
 68081 | Tomb:1   | Killed a royal mummy
 68103 | Tomb:1   | Noticed a royal mummy
 68123 | Tomb:1   | Killed a royal mummy
 68124 | Tomb:1   | Reached skill level 27 in Invocations
 68130 | Tomb:1   | Noticed a royal mummy
 68142 | Tomb:1   | Killed a royal mummy
 68153 | Tomb:1   | Noticed a royal mummy
 68163 | Tomb:1   | Killed a royal mummy
 68168 | Tomb:1   | Noticed a royal mummy
 68173 | Tomb:1   | Noticed a royal mummy
 68181 | Tomb:1   | Killed a royal mummy
 68185 | Tomb:1   | Killed a royal mummy
 68188 | Tomb:1   | Noticed a royal mummy
 68201 | Tomb:1   | Killed a royal mummy
 68729 | Tomb:3   | Entered Level 3 of the Tomb of the Ancients
 68812 | Tomb:3   | Noticed Khufu
 68851 | Tomb:3   | Noticed a royal mummy
 68895 | Tomb:3   | Noticed a royal mummy
 68900 | Tomb:3   | Noticed a royal mummy
 68915 | Tomb:3   | Noticed a royal mummy
 68924 | Tomb:3   | Killed Khufu
 68958 | Tomb:3   | Killed a royal mummy
 68967 | Tomb:3   | Noticed a royal mummy
 68972 | Tomb:3   | Noticed a royal mummy
 68977 | Tomb:3   | Killed a royal mummy
 68977 | Tomb:3   | Killed a royal mummy
 68980 | Tomb:3   | Killed a royal mummy
 68983 | Tomb:3   | Noticed a royal mummy
 68985 | Tomb:3   | Killed a royal mummy
 68992 | Tomb:3   | Killed a royal mummy
 69002 | Tomb:3   | Noticed a royal mummy
 69016 | Tomb:3   | Killed a royal mummy
 69017 | Tomb:3   | Reached skill level 27 in Fighting
 69031 | Tomb:3   | Killed a royal mummy
 69087 | Tomb:3   | Got the Directory of Ectoplasm and the Map
 69254 | Tomb:3   | Identified the +6 rapier of the Telling Gods {venom, rElec
                  | Will+ Str+3 Dex-2}
 69267 | Tomb:3   | Identified the +0 hand axe of Plog {flame, Str+3}
 69293 | Tomb:3   | Identified the +7 orcbow of Opood {freeze, Dex+3}
 69296 | Tomb:3   | Identified the +0 sling "Xeoty" {heavy, rC+ Will+ Stlth+}
 69299 | Tomb:3   | Identified the +2 helmet of the Nexus {+Inv rF+ Slay+3}
 69300 | Tomb:3   | Identified the +2 scimitar of Tynoakk {drain, rElec rF+
                  | Dex+3 Stlth+}
 69359 | Tomb:3   | Got a golden rune of Zot
 69893 | Zot:1    | Entered Level 1 of the Realm of Zot
 69974 | Zot:1    | Noticed an orb of fire
 70273 | Zot:4    | Noticed an orb of fire
 70290 | Zot:4    | Killed an orb of fire
 70298 | Zot:5    | Entered Level 5 of the Realm of Zot
 70486 | Zot:5    | Noticed an orb of fire
 70506 | Zot:5    | Killed an orb of fire
 70510 | Zot:5    | Noticed a dread lich
 70526 | Zot:5    | Killed a dread lich
 70552 | Zot:5    | Noticed an orb of fire
 70566 | Zot:5    | Killed an orb of fire
 70741 | Zot:5    | Noticed an ancient lich
 70747 | Zot:5    | Killed an ancient lich
 70799 | Zot:5    | Noticed an orb of fire
 70803 | Zot:5    | Noticed a dread lich
 70817 | Zot:5    | Killed an orb of fire
 70825 | Zot:5    | Killed a dread lich
 70835 | Zot:5    | Noticed an orb of fire
 70844 | Zot:5    | Noticed an ancient lich
 70851 | Zot:5    | Killed an orb of fire
 70856 | Zot:5    | Noticed an ancient lich
 70867 | Zot:5    | Killed an ancient lich
 70873 | Zot:5    | Killed an ancient lich
 70876 | Zot:5    | Noticed a dread lich
 70896 | Zot:5    | Killed a dread lich
 70934 | Zot:5    | Got the Orb of Zot
 71623 | D:3      | Noticed Marhaube the pandemonium lord
 71636 | D:3      | Killed Marhaube the pandemonium lord
 71731 | D:$      | Escaped with the Orb!

Illustrated notes

Levels and vault maps discovered:
D:1:      eino_arrival_water_star, layout_basic
D:2:      wad_pebble_path, layout_rooms, basic_altar, serial_park_tiny_2
D:3:      layout_loops_ring, hangedman_decor_push, uniq_robin, uniq_grinder,
          uniq_sigmund
D:4:      layout_gridville, nicolae_uskayaw_murder_on_the_dancefloor,
          nicolae_overflow_squiral, portal_sewer_entry_f,
          nicolae_ossuary_entry_giza
D:5:      layout_loops_corners, minmay_temple_entry_grid
D:6:      layout_gridville, amcnicky_mini_pool_small, uniq_duvessa, uniq_maggie,
          uniq_eustachio
D:7:      nicolae_cairo_tiling_large_dashed, layout_basic,
          minmay_tree_intersection, st_stairs_2, minivault_4,
          minmay_crystal_room, lightli_church_of_beogh
D:8:      layout_loops_cross, mainiacjoe_overflow_boulevard,
          mainiacjoe_overflow_large_starburst, enter_bailey_8,
          ploomutoo_gammafunk_ghost_potion_laboratory, grunt_ministairs_10
D:9:      layout_loops_corners, zin_statuary, minmay_lair_entry_lava,
          erik_orc_4, uniq_psyche
D:10:     layout_cave_pools, serial_column_ruins, column_ruins_hut,
          column_ruins_corridor_corner, column_ruins_open_tiny,
          column_ruins_corridor_straight, column_ruins_columns_straight,
          column_ruins_open_small, column_ruins_open_medium,
          kennysheep_generic_room_10
D:11:     layout_basic, serial_shops, shop
D:12:     layout_long_grid, serial_co_window_serial, co_window_paths_a,
          co_window_of_opportunity_a, co_window_paths_a, co_window_corner_a,
          co_window_corner_a, co_window_of_opportunity_b,
          co_window_of_opportunity_b, co_window_broadway_b,
          co_window_broadway_b, co_window_4corner_b, co_window_4corner_a,
          glass_columns_b, special_room [special_room_orc], dk_noncrumbling_2,
          uniq_jorgrun, uniq_nessos
D:13:     layout_loops_ring, erik_vaults_2, vehumet_altar_wand_db
D:14:     layout_roguey, serial_shops, shop, nicolae_shop_tiny_glass,
          nicolae_inconvenience_store
D:15:     gammafunk_depths_entry_grave, layout_basic,
          nicolae_ru_sacrificial_ziggurat, nicolae_letterblocks
          [nicolae_letter_subblock, nicolae_letter_subblock,
          nicolae_letter_subblock, nicolae_letter_subblock,
          nicolae_letter_subblock, nicolae_letter_subblock,
          nicolae_letter_subblock, nicolae_letter_subblock,
          nicolae_letter_subblock, nicolae_letter_subblock,
          nicolae_letter_subblock, nicolae_letter_subblock,
          nicolae_letter_subblock, nicolae_letter_subblock,
          nicolae_letter_subblock, nicolae_letter_subblock,
          nicolae_letter_subblock, nicolae_letter_subblock,
          nicolae_letter_subblock, nicolae_letter_subblock,
          nicolae_letter_subblock, nicolae_letter_subblock,
          nicolae_letter_subblock, nicolae_letter_subblock,
          nicolae_letter_subblock]
Lair:1:   layout_small_grid, st_stairs_10
Lair:2:   layout_regular_city, serial_bayou_shore_b, lemuel_fruit_fields
Lair:3:   layout_regular_city, swamp_mist_pool, nicolae_snake_entry_squirm,
          worms_lemuel, lemuel_fruit_tree
Lair:4:   layout_loops_ring
Lair:5:   hangedman_lair_caniforms_friends, layout_misc_corridors,
          guppyfry_lair_end_dragon, slime_entry_1,
          portal_ice_cave_entry_ice_simulacra, enter_volcano_2, st_stairs_3,
          chequers_serial_rivers_small_3, chequers_serial_rivers_micro_a,
          infiniplex_staircase_pool
Swamp:1:  layout_basic_swamp, evilmike_swamp_ruin_house_4
Swamp:2:  nicolae_swamp_husk_halls, layout_falls_marsh,
          evilmike_swamp_ruin_house_6, swamp_pool3, uniq_louise, uniq_frances
Swamp:3:  layout_basic_swamp, evilmike_swamp_ruin_house_2, swamp_pool1,
          nicolae_swamp_spriggan_camp
Swamp:4:  swamp, layout_basic_swamp, swamp_pool4, nicolae_swamp_tree_designs
Snake:1:  layout_layer_cave, nicolae_shop_gadgets, uniq_donald
Snake:2:  layout_rooms, beargit_elvish_explorers
Snake:3:  layout_concentric_octagons, grunt_megastairs_1, uniq_mlioglotl
Snake:4:  grunt_snake_rune_pools, layout_gridlike, st_stairs_13,
          nicolae_snake_mages_go_home
Slime:1:  layout_caves
Slime:2:  layout_caves
Slime:3:  layout_caves
Slime:4:  layout_caves
Slime:5:  slime_pit
Orc:1:    layout_caves, serial_shops, nicolae_shop_rolled_up, uniq_nergalle
Orc:2:    grunt_orc_cross, layout_diamond_mine, gauntlet_entry_generic,
          serial_shops, nicolae_square_shop
Elf:1:    elf_arrival_002, layout_loops_cross, enter_trove_6, serial_shops,
          nicolae_shop_advertising_works [nicolae_subvault_shop_adworks], shop,
          gammafunk_ghost_berserking_beasts, minmay_elf_demonology,
          nicolae_elf_glassroom_feature
Elf:2:    nicolae_elf_blades_splatter_lattice
          [nicolae_blade_entry_diamond_columns], layout_geoelf_diagonals
Elf:3:    minmay_elf_hall_four_x, layout_geoelf_grid,
          nicolae_concentric_dashed_squares_wild
Vaults:1: nicolae_vaults_house_2, ontoclasm_vaults_chip,
          nicolae_vaults_you_can_take_it_with_you,
          nicolae_vaults_more_shelving_1, hangedman_vaults_corner_blocks,
          nicolae_vaults_oval_intersection, ontoclasm_vaults_ring_square,
          nicolae_vaults_border_crossing, ontoclasm_vaults_fault,
          nicolae_vaults_little_squares_3, nicolae_vaults_diagonal_hallway_9,
          layout_vaults_big_room
Vaults:2: v_misc_28, nicolae_vaults_storage_closets_1,
          nicolae_vaults_apartment_1, vaults_room_stairs_pillars,
          nicolae_vaults_ninety_degrees, vaults_room_door_hall,
          nicolae_vaults_heart-shaped_vault, v_misc_32,
          nicolae_vaults_layer_cake_slice, nicolae_vaults_rhombus_5,
          nicolae_vaults_crenellated_ambush, layout_vaults_omnicross
Vaults:3: nicolae_vaults_big_ls, minmay_crypt_entry_skeletal_spiral,
          ontoclasm_vaults_ring_large, v_misc_11, v_misc_11, st_cells,
          nicolae_vaults_diagonal_hallway_8, v_misc_8, vaults_room_door_hall,
          v_alt_pattern_3, hangedman_vaults_slice, hangedman_vaults_capsules,
          ontoclasm_vaults_pinch, nicolae_vaults_apartment_2,
          hangedman_vaults_stretched_pinwheel, layout_vaults_omnibox
Vaults:4: nicolae_vaults_stand_back, nicolae_vaults_double_plus_1,
          nicolae_vaults_trapezoid_lopsided_3, nicolae_vaults_puzzle_piece,
          hangedman_vaults_locks, nicolae_vaults_storage_closets_2,
          nicolae_vaults_sightless_eye, v_misc_23,
          nicolae_vaults_little_squares_5, vaults_room_door_hall,
          nicolae_vaults_cornered_office, grunt_vaults_hallway_long,
          v_alt_pattern_4, layout_vaults_ring
Vaults:5: serial_shops, uniq_sojobo
Crypt:1:  layout_misc_corridors, grunt_ministairs_3, grunt_crypt_arrival_split,
          grunt_megastairs_5
Crypt:2:  hangedman_hall_of_fallen_heroes, layout_basic, nzn_life_drinkers,
          uniq_grunn
Crypt:3:  church_of_pain_bobbens, layout_chaotic_city,
          nicolae_tomb_entry_grand_gallery
Tomb:1
Tomb:2
Tomb:3
Depths:1: layout_forbidden_donut, enter_ziggurat_e, hell_entry,
          good_gods_temple_1, marbit_kobold_abyss_entry, kennysheep_potato
Depths:2: gold_lair_mu, layout_cave_shapes, grunt_pan_entry_spiral,
          grunt_decor_one_mirror, lightli_too_deep, gammafunk_ghost_smash,
          nicolae_good_shop
Depths:3: hellmonk_paralyzer, layout_basic, abyss_entry_crystal, hell_entry,
          serial_shops, nicolae_lakefront_shop, hex_intersection, firewood_loft
Depths:4: grunt_zot_entry_gee_three, layout_basic, serial_shops, freezing_bzr,
          hangedman_geh_valley, roderic_roman_lattice,
          minmay_misc_feat_enclosed, uniq_vv, uniq_enchantress
Hell
Dis:1:    layout_jigsaw
Dis:2:    nicolae_dis_hell_of_blades
Dis:3:    layout_overlapping_boxes, nicolae_hells_seeping_fissure
Dis:4:    layout_subdivisions
Dis:5:    layout_gridville, glass_columns_a
Dis:6:    layout_subdivisions
Dis:7:    dis_grunt_layers
Geh:1:    layout_gehenna_lava_caves
Geh:2:    layout_gehenna_pools_basic, nicolae_hells_hurtin_island
Geh:3:    layout_gehenna_pools_basic
Geh:4:    layout_gehenna_lava_caves
Geh:5:    layout_gehenna_lava_caves
Geh:6:    layout_gehenna_pools_box
Geh:7:    geh_grunt
Coc:1:    layout_cocytus_water_paths
Coc:2:    layout_ice_bergs
Coc:3:    layout_cocytus_water_paths
Coc:4:    layout_cocytus_water_paths
Coc:5:    layout_cocytus_water_paths, serial_ice, serial_ice_c, serial_ice_n
Coc:6:    layout_ice_bergs
Coc:7:    coc_dpeg
Tar:1:    layout_honeycomb, nicolae_tar_four_comb_rooms
Tar:2:    layout_cathedral_of_symmetry, nicolae_tar_honey_chapel
Tar:3:    nicolae_hells_demon_pit, layout_cathedral_of_symmetry
Tar:4:    nicolae_hells_titanomachy
Tar:5:    layout_grid_maze, nicolae_tar_cuneiform_bread,
          nicolae_tar_cuneiform_sun
Tar:6:    layout_catacombs
Tar:7:    tar_mu [tar_mu_maze]
Zot:1:    gammafunk_the_bubble [the_bubble_gammafunk_split],
          layout_cathedral_of_symmetry, basic_altar, grunt_megastairs_3
Zot:2:    layout_onion_interference
Zot:3:    layout_concentric_octagons
Zot:4:    kennysheep_ambush_hall, layout_misc_corridors, grunt_ministairs_7,
          lemuel_lake_of_fire
Zot:5:    layout_cathedral_of_symmetry, grunt_ministairs_15

Skill      XL: |  1  2  3  4  5  6  7  8  9 10 11 12 13 14 15 16 17 18 19 20 21 22 23 24 25 26 27 |
---------------+----------------------------------------------------------------------------------+-----
Unarmed Combat | 3 4 5 6 7 9 10 11 12 14 15 16 17 18 20 21 27 | 27.0
Fighting       | 5 7 9 10 12 14 15 16 17 18 20 27 | 27.0
Shields        | 3 5 12 13 14 16 17 19 25 | 25.3
Dodging        | 3 6 9 11 12 13 14 25 | 25.3
Shapeshifting  | 4 5 10 12 15 18 21 24 26 27 | 27.0
Invocations    | 2 7 10 12 27 | 27.0
Stealth        | 2 3 |  3.0
Evocations     | 9 |  9.5

Action                     |  1- 3 |  4- 6 |  7- 9 | 10-12 | 13-15 | 16-18 | 19-21 | 22-24 | 25-27 || total
---------------------------+-------+-------+-------+-------+-------+-------+-------+-------+-------++-------
  Melee: Unarmed           |   101 |   128 |   314 |   620 |  1158 |  1121 |  1104 |  1159 |  5669 || 11374
         Tailslap          |     9 |    13 |    44 |   103 |   214 |   238 |   365 |   363 |  1926 ||  3275
         Punch             |     5 |     3 |     9 |       |       |       |       |       |     5 ||    22
         Kick              |       |    15 |   104 |   240 |   475 |   330 |       |   248 |   146 ||  1558
         Constrict         |       |       |       |       |    21 |    24 |       |       |       ||    45
         Maw               |       |       |       |       |       |   165 |   705 |   505 |   569 ||  1944
  Throw: Boomerang         |       |       |       |     1 |       |       |       |       |       ||     1
 Invoke: Upheaval          |       |       |       |       |     4 |     7 |     2 |     1 |    43 ||    57
         Disaster Area     |       |       |       |       |     1 |     2 |       |     2 |    11 ||    16
Ability: Begin Untransform |       |       |       |       |     2 |       |       |       |     1 ||     3
         Evoke Invisibilit |       |       |       |       |       |       |     1 |     2 |       ||     3
  Evoke: Lightning rod     |       |       |       |       |     7 |       |       |       |       ||     7
         Wand              |       |       |       |       |       |     1 |       |       |     8 ||     9
    Use: Potion            |       |     3 |       |     3 |     1 |     1 |     1 |     6 |    18 ||    33
         Scroll            |       |     7 |     6 |     9 |     3 |     4 |       |     7 |    27 ||    63
   Stab: Sleeping          |     1 |     1 |     3 |       |       |       |       |       |       ||     5
         Paralysed         |       |       |       |       |       |     2 |       |       |     1 ||     3
         Confused          |       |       |       |       |       |     1 |       |       |       ||     1
         Distracted        |       |       |       |       |       |       |     1 |       |     6 ||     7
         Invisible         |       |       |       |       |       |       |    14 |    10 |       ||    24
 Armour: Skin              |    24 |    34 |    79 |   103 |   160 |    92 |    67 |   129 |   813 ||  1501
  Dodge: Dodged            |    56 |    68 |   149 |   199 |   598 |   427 |   233 |   403 |  2100 ||  4233
         Repelled          |       |       |       |     3 |     6 |    27 |     9 |    16 |    85 ||   146
  Block: Buckler           |       |       |    71 |   435 |   949 |       |       |       |       ||  1455
         Reflection        |       |       |       |    14 |    42 |   173 |    91 |    55 |    76 ||   451
         Other             |       |       |       |     2 |    74 |    53 |       |       |    14 ||   143
         Tower shield      |       |       |       |       |       |  1661 |  1208 |  1752 |  7106 || 11727
Riposte: Unarmed           |       |       |       |       |       |   134 |   402 |   287 |  1434 ||  2257
   Form: Beast             |       |       |       |     1 |     1 |     1 |       |       |       ||     3
                           |       |       |       |     1 |       |     1 |       |       |       ||     2
         Anaconda          |       |       |       |       |     2 |       |       |       |       ||     2
         Maw               |       |       |       |       |       |     1 |     1 |     1 |     1 ||     4
         Statue            |       |       |       |       |       |       |     1 |     1 |     4 ||     6
         Death             |       |       |       |       |       |       |       |       |     4 ||     4
         Storm             |       |       |       |       |       |       |       |       |     2 ||     2

Table legend: (Time is in decaauts)
 A = Elapsed time spent in this place.
 B = Non-inter-level travel time spent in this place.
 C = Inter-level travel time spent in this place.
 D = Time resting spent in this place.
 E = Time spent auto-exploring this place.
 F = Levels seen in this place.
 G = Mean time per level.
                   A        B        C        D        E       F      G
               +--------+--------+--------+--------+--------+-----+--------+
         Total |  74296 |  68291 |   6005 |   5177 |  42030 | 110 |  675.4 |
       Dungeon |  16039 |  14171 |   1868 |   1334 |  10054 |  15 | 1069.3 |
          Lair |   5902 |   5273 |    629 |    192 |   4017 |   5 | 1180.4 |
         Swamp |   2935 |   2709 |    226 |    222 |   1793 |   4 |  733.8 |
     Snake Pit |   5090 |   4869 |    221 |    238 |   3557 |   4 | 1272.5 |
    Slime Pits |    791 |    695 |     96 |    102 |    152 |   5 |  158.2 |
  Orcish Mines |   1462 |   1287 |    175 |     10 |    904 |   2 |  731.0 |
   Elven Halls |   2946 |   2743 |    203 |     54 |   2035 |   3 |  982.0 |
        Vaults |   5543 |   4933 |    610 |     59 |   3506 |   5 | 1108.6 |
         Crypt |   4455 |   3938 |    517 |    204 |   2552 |   3 | 1485.0 |
          Tomb |   2279 |   1968 |    311 |      0 |   1140 |   3 |  759.7 |
        Depths |   4486 |   4033 |    453 |    340 |   2672 |   4 | 1121.5 |
          Hell |    442 |    346 |     96 |      0 |    140 |   1 |  442.0 |
           Dis |   2173 |   2041 |    132 |    146 |    982 |   7 |  310.4 |
       Gehenna |   1303 |   1140 |    163 |     36 |    494 |   7 |  186.1 |
       Cocytus |   1368 |   1368 |      0 |    473 |     89 |   7 |  195.4 |
      Tartarus |   1016 |    831 |    185 |    123 |    195 |   7 |  145.1 |
           Zot |    992 |    879 |    113 |     26 |    235 |   5 |  198.4 |
         Abyss |    847 |    847 |      0 |      0 |    200 |   4 |  211.8 |
   Pandemonium |  11963 |  11963 |      0 |   1357 |   6197 |  13 |  920.2 |
        Bazaar |    113 |    113 |      0 |      0 |    105 |   1 |  113.0 |
         Sewer |    113 |    113 |      0 |      0 |      0 |   1 |  113.0 |
       Ossuary |    285 |    285 |      0 |      0 |    169 |   1 |  285.0 |
        Bailey |    389 |    389 |      0 |      0 |    206 |   1 |  389.0 |
      Ice Cave |    945 |    945 |      0 |    184 |    475 |   1 |  945.0 |
      Gauntlet |    411 |    411 |      0 |     75 |    160 |   1 |  411.0 |
               +--------+--------+--------+--------+--------+-----+--------+

Top non-repeatable levels by time:
 Snake:1: 2084 daAuts
 Crypt:3: 1790 daAuts
     D:9: 1664 daAuts
    D:14: 1656 daAuts
    D:12: 1552 daAuts
  Lair:5: 1509 daAuts
  Lair:3: 1493 daAuts
Depths:2: 1354 daAuts
 Crypt:1: 1335 daAuts
    D:15: 1332 daAuts
Vaults:3: 1331 daAuts
 Crypt:2: 1329 daAuts
   Dis:7: 1312 daAuts
    D:13: 1260 daAuts
  Tomb:1: 1257 daAuts
